 Seeded DCSS version 0.29-a0-323-g050149af67 (webtiles) character file.

Game seed: 438403545789231364 (custom seed)

122 dianekeaton the Cudgeller (level 4, -8/39 HPs)
             Began as a Minotaur Fighter on Apr 11, 2022.
             Mangled by Robin
             ... wielding a +1 dagger of electrocution
              (11 damage)
             ... on level 3 of the Dungeon.
             The game lasted 00:04:04 (1529 turns).

dianekeaton the Cudgeller (Minotaur Fighter)        Turns: 1529, Time: 00:04:05

Health: -8/39      AC:  9    Str: 22    XL:     4   Next: 78%
Magic:  3/3        EV:  9    Int:  5    God:
Gold:   114        SH:  4    Dex: 10    Spells: 3/3 levels left

rFire   . . .      SeeInvis .   a - +0 flail (venom)
rCold   . . .      Faith    .   c - +0 buckler
rNeg    . . .      Spirit   .   b - +0 scale mail
rPois   .          Reflect  .   (helmet restricted)
rElec   .          Harm     .   e - +1 cloak
rCorr   .          Rampage  .   (no gloves)
Will    .....                   (no boots)
Stlth   ..........              (no amulet)
HPRegen 0.13/turn               j - +4 ring of slaying
MPRegen 0.08/turn               (no ring)

@: no status effects
A: horns 2, retaliatory headbutt
a: no special abilities


You were on level 3 of the Dungeon.
You visited 1 branch of the dungeon, and saw 3 of its levels.

You collected 114 gold pieces.

Inventory:

Hand Weapons
 a - a +0 flail of venom (weapon)
Armour
 b - a +0 scale mail (worn)
 c - a +0 buckler (worn)
 e - a +1 cloak (worn)
Jewellery
 j - a +4 ring of slaying (left hand)
Scrolls
 h - a scroll of identify
Potions
 d - a potion of might
 f - 3 potions of degeneration {unknown}
 g - a potion of attraction
 i - a potion of flight
 k - a potion of lignification
 o - a potion of curing


   Skills:
 - Level 3.6 Fighting
 + Level 6.0 Maces & Flails
 - Level 3.6 Armour
 - Level 0.5 Dodging
 + Level 0.1 Stealth
 - Level 3.6 Shields


You had 3 spell levels left.
You didn't know any spells.
Your spell library contained the following spells:

 Spells                   Type           Power      Damage    Failure   Level
 Ensorcelled Hibernation  Hex/Ice        0%         N/A       95%         2
 Passwall                 Tmut/Erth      0%         N/A       95%         2
 Ozocubu's Armour         Ice            0%         N/A       99%         3
 Swiftness                Air            0%         N/A       99%         3
 Conjure Ball Lightning   Conj/Air       0%         3x3d6     100%        6
 Ozocubu's Refrigeration  Ice            0%         4d5       100%        7
 Discord                  Hex            0%         N/A       100%        8
 Disjunction              Tloc           0%         N/A       100%        8


Dungeon Overview and Level Annotations

Branches:
Dungeon (3/15)

Altars:

Shops:
D:2 =!(

Annotations:
D:3 Robin


Innate Abilities, Weirdness & Mutations

You have a pair of horns on your head.
You reflexively headbutt those who attack you in melee.


Message History

You block the hobgoblin's attack.
You closely miss the frilled lizard.
The frilled lizard bites you but does no damage.
The hobgoblin hits you but does no damage.
The goblin hits you with a +0 club. x2; The goblin completely misses you.
You closely miss the frilled lizard. You block the frilled lizard's attack.
The goblin hits you but does no damage. The hobgoblin hits you.
The goblin barely misses you. The goblin hits you with a +0 dagger.
You sock the frilled lizard!
You kill the frilled lizard!
The goblin hits you with a +0 club. The goblin barely misses you.
You furiously retaliate!
You headbutt the goblin!
You kill the goblin!
The goblin hits you with a +0 dagger.
* * * LOW HITPOINT WARNING * * *
Your Maces & Flails skill increases to level 6!
You are too injured to fight recklessly!
You sock Robin!
Robin is poisoned.
Robin is severely wounded.
The goblin closely misses you. You furiously retaliate!
You headbutt the goblin.
You kill the goblin!
The hobgoblin barely misses you.
The hobgoblin hits you but does no damage.
Robin drinks a potion.
Robin is healed!
Robin looks more healthy.
The goblin hits you but does no damage.
The goblin shoots a sling bullet.
The sling bullet closely misses you.
You barely miss Robin. Your headbutt misses Robin.
The hobgoblin hits you but does no damage.
The hobgoblin barely misses you. Robin hits you but does no damage.
The goblin barely misses you.
The goblin shoots a sling bullet.
The sling bullet hits you.
* * * LOW HITPOINT WARNING * * *
You hit Robin.
Robin is poisoned.
Robin is heavily wounded.
The hobgoblin hits you.
* * * LOW HITPOINT WARNING * * *
The hobgoblin hits you but does no damage.
Robin hits you but does no damage.
You are electrocuted!
You die...

## .# ##g##
##@g.## .
##g)g..#.g.
#..#..g)......
#......)...)#.
###....†...##
...........##
.....#.>.....
#...........##
#............#


You could see Robin (very poisoned), 2 hobgoblins and 2 goblins.

Vanquished Creatures
  5 adders
  2 worms (D:2)
  4 ball pythons
  8 endoplasms
  16 goblins
  4 hobgoblins
  2 jackals (D:3)
  8 kobolds
  7 bats
  2 frilled lizards
  6 rats
  A spectral kobold (D:1)
65 creatures vanquished.

Notes
Turn   | Place    | Note
-------+----------+-------------------------------------------
     0 | D:1      | dianekeaton the Minotaur Fighter began the quest for the
                  | Orb.
     0 | D:1      | Reached XP level 1. HP: 19/19 MP: 0/0
    27 | D:1      | Reached skill level 3 in Maces & Flails
   478 | D:1      | Reached XP level 2. HP: 25/26 MP: 1/1
   768 | D:1      | Found a faded altar of an unknown god.
   907 | D:2      | Reached skill level 4 in Maces & Flails
   916 | D:2      | Reached XP level 3. HP: 30/31 MP: 2/2
   993 | D:2      | Reached skill level 5 in Maces & Flails
  1165 | D:2      | Found Hepp's Antique Weapon Boutique.
  1172 | D:2      | Reached XP level 4. HP: 34/39 MP: 3/3
  1219 | D:2      | Found Liel's Distillery.
  1303 | D:2      | Found Nocrofad's Jewellery Boutique.
  1512 | D:3      | Noticed Robin
  1527 | D:3      | Reached skill level 6 in Maces & Flails
  1529 | D:3      | Mangled by Robin

Illustrated notes

Levels and vault maps discovered:
D:1:      roderic_dead_forest, layout_basic,
          dreamdust_ecumenical_altar_drowned_temple
D:2:      layout_basic, serial_shops, nicolae_shop_behind_doors, shop,
          nicolae_shop_behind_doors
D:3:      minmay_roachtagon, layout_rooms, hangedman_abyss_or_decor_stabs,
          uniq_robin

Skill      XL: |  1  2  3  4 |
---------------+-------------+-----
Maces & Flails | 3 4 5 6 |  6.0
Fighting       | |  3.6
Armour         | |  3.6
Dodging        | |  0.5
Stealth        | |  0.1
Shields        | |  3.6

Action                   |  1- 3 |  4- 6 || total
-------------------------+-------+-------++-------
Melee: Flail             |    66 |    38 ||   104
       Headbutt          |    11 |     2 ||    13
  Use: Scroll            |     4 |     4 ||     8
 Stab: Distracted        |       |     1 ||     1
Armor: Scale mail        |    31 |    48 ||    79
Dodge: Dodged            |    29 |    35 ||    64
Block: Buckler           |    13 |    11 ||    24

Table legend: (Time is in decaauts)
 A = Elapsed time spent in this place.
 B = Non-inter-level travel time spent in this place.
 C = Inter-level travel time spent in this place.
 D = Time resting spent in this place.
 E = Time spent auto-exploring this place.
 F = Levels seen in this place.
 G = Mean time per level.
                   A        B        C        D        E       F      G
               +--------+--------+--------+--------+--------+-----+--------+
         Total |   1552 |   1502 |     50 |    178 |   1003 |   3 |  517.3 |
       Dungeon |   1552 |   1502 |     50 |    178 |   1003 |   3 |  517.3 |
               +--------+--------+--------+--------+--------+-----+--------+

Top non-repeatable levels by time:
     D:1: 910 daAuts
     D:2: 506 daAuts
     D:3: 136 daAuts
